 Dungeon Crawl Stone Soup version 0.30-a0-900-g23479c02f2 (webtiles) character file.

Game seed: 18432546938918451174

684 testwizard6 the Cudgeller (level 7, -1/48 (54) HPs)
             Began as a Human Berserker on Mar 18, 2023.
             Was a Priest of Trog.
             Slain by an ufetubus (4 damage)
             ... on level 5 of the Dungeon.
             The game lasted 00:36:31 (3671 turns).

testwizard6 the Cudgeller (Human Berserker)         Turns: 3671, Time: 00:36:32

HP:   -1/48 (54)    AC: 12    Str: 25    XL:     7   Next: 93%
MP:   7/7           EV:  9    Int:  7    God:    Trog [***...]
Gold: 278           SH:  0    Dex: 13    Spells: 6/6 levels left

rFire   . . .      SeeInvis .    a - +1 mace
rCold   . . .      Faith    .    (no shield)
rNeg    . . .      Spirit   .    g - +1 chain mail
rPois   .          Reflect  .    B - +0 helmet
rElec   .          Rampage  .    t - scarf {+Inv}
rCorr   .                        (no gloves)
Will    +....                    (no boots) Stlth
                                 (no amulet)
HPRegen 0.28/turn                I - +6 ring of strength
MPRegen 0.10/turn                N - ring of willpower

@: about to teleport, heavily drained
A: no striking features
a: Renounce Religion, Evoke Invisibility, Berserk, Trog's Hand


You were on level 5 of the Dungeon.
You worshipped Trog.
Trog was most pleased with you.
You visited 2 branches of the dungeon, and saw 6 of its levels.

You collected 278 gold pieces.

Inventory:

Hand Weapons
 a - a +1 mace (weapon)
 i - a +0 spear
 k - a +0 short sword
 l - a +0 club
 n - a +0 great sword
 r - a +1 whip of freezing
 y - a +0 hand axe
 A - a +0 sling
 E - a +0 flail
 F - a +0 heavy mace
 H - a +0 halberd
 J - a +2 heavy flail
 O - a +0 war axe
Missiles
 d - 43 stones (quivered)
 e - 4 silver javelins
Armour
 b - a +0 animal skin
 f - a +0 leather armour
 g - a +1 chain mail (worn)
 j - a +0 robe
 t - a scarf of invisibility (worn)
 B - a +0 helmet (worn)
 K - a +0 scale mail
Jewellery
 I - a +6 ring of strength (left hand)
 N - a ring of willpower (right hand)
Wands
 v - a wand of flame (15)
Scrolls
 c - a scroll of poison {unknown}
 p - a scroll of immolation
 s - a scroll of enchant weapon
 w - a scroll of magic mapping {unknown}
 C - a scroll of fear {unknown}
 D - a scroll of summoning
Potions
 m - a potion of attraction {unknown}
 o - 2 potions of might
 q - 2 potions of cancellation {unknown}
 x - 3 potions of curing {unknown}
 z - 2 potions of haste
 L - a potion of lignification {unknown}


   Skills:
 + Level 4.3 Fighting
 + Level 6.1 Maces & Flails
 + Level 5.0 Armour
 + Level 2.7 Dodging
 + Level 0.7 Evocations


You had 6 spell levels left.
You didn't know any spells.
Your spell library contained the following spells:

 Spells                   Type           Power      Damage    Failure   Level
 Animate Armour           Summ/Erth      0%         N/A       100%        4
 Blade Hands              Tmut           0%         N/A       100%        5
 Iron Shot                Conj/Erth      0%         9d1       100%        6


Dungeon Overview and Level Annotations

Branches:
Dungeon (5/15)             Temple (1/1) D:4

Altars:
Ashenzari
Cheibriados
Dithmenos
Elyvilon
Gozag
Hepliaklqana
Kikubaaqudgha
Makhleb
Okawaru
Ru
Sif Muna
Trog
Uskayaw
Vehumet
Yredelemnul
The Shining One

Shops:
D:2 :

Annotations:
D:5 Prince Ribbit


Message History

A gnoll comes into view. It is wielding a +0 flail.
An iguana and a gnoll come into view.
The iguana hisses angrily.
Blink to where?
Press: ? - help, Dir - move target An ufetubus comes into view.
Found a yellow potion.
As you read the scroll of blinking, it crumbles to dust.
The ufetubus shouts!
A water moccasin comes into view.
You feel drained.
You fail to use your ability.
The water moccasin hisses angrily.
A worm comes into view.
As you read the scroll labelled GIPLAX NEOSSY, it crumbles to dust.
It is a scroll of enchant weapon.
Your +0 mace glows red for a moment.
The iguana hisses menacingly.
As you read the scroll labelled TAANEVVOPO, it crumbles to dust.
The creatures around you are filled with an inner flame!
It was a scroll of immolation.
As you read the scroll labelled MEUCLU PUBOBOR, it crumbles to dust.
The scroll dissolves into smoke.
It was a scroll of fog.
The ufetubus hits you.
* * * LOW HITPOINT WARNING * * *
The ufetubus hits you.
* * * LOW HITPOINT WARNING * * *
The ufetubus hits you but does no damage.
The ufetubus barely misses you. The iguana barely misses you.
The iguana attacks as you move away! The iguana bites you.
* * * LOW HITPOINT WARNING * * *
As you read the scroll labelled WAANIPE ZOCIY, it crumbles to dust.
You feel strangely unstable.
It was a scroll of teleportation.
The ufetubus barely misses you.
The ufetubus hits you but does no damage.
The water moccasin closely misses you.
The ufetubus hits you but does no damage. x2
The iguana barely misses you.
The water moccasin attacks as you move away!
The water moccasin barely misses you. The ufetubus attacks as you move away!
The ufetubus closely misses you. The ufetubus hits you.
You die...

.............#
...............#
....##........##
##!...
#....##........#
#......
......####.....#
....... ......#
.....# .......
...#....
.....###.....#
...#....
....##§#w§..#
#§@5§§..###
.....§#lS§§....#
..... #h§##....#
.... #.§.# ...#
.. . ...
#..###... . ).
.. .. #........
. .. . ##.......
.. ###.$.....
#..####.og....g.


You could see a water moccasin (inner flame), a worm (inner flame), an iguana
(inner flame), a hound (inner flame) and an ufetubus (inner flame).

Vanquished Creatures
  Menkaure (D:4)
  Edmund (D:5)
  An ogre (D:4)
  An orc priest (D:3)
  3 hounds
  Ijyb (D:3)
  An iguana (D:3)
  Robin (D:3)
  A gnoll (D:1)
  6 adders
  4 ufetubi
  2 dart slugs (D:1)
  5 orcs (D:3)
  7 ball pythons
  4 bats
  7 endoplasms
  3 giant cockroaches
  13 goblins
  9 hobgoblins
  7 jackals (D:2)
  4 kobolds
  4 quokkas
  4 frilled lizards
  6 rats
  A butterfly (D:4)
97 creatures vanquished.

Notes
Turn   | Place    | Note
-------+----------+-------------------------------------------
     0 | D:1      | testwizard6 the Human Berserker began the quest for the
                  | Orb.
     0 | D:1      | Reached XP level 1. HP: 18/18 MP: 1/1
   199 | D:1      | Reached XP level 2. HP: 9/24 MP: 2/2
   341 | D:1      | Reached XP level 3. HP: 28/29 MP: 3/3
   656 | D:2      | Reached ** piety under Trog
   696 | D:2      | Reached XP level 4. HP: 32/37 MP: 4/4
   866 | D:2      | Reached skill level 4 in Maces & Flails
   949 | D:2      | Found Bitebb Avob's Book Boutique.
  1724 | D:3      | Noticed Robin
  1749 | D:3      | Killed Robin
  1750 | D:3      | Reached XP level 5. HP: 25/42 MP: 5/5
  2050 | D:3      | Found a burning altar of Makhleb.
  2058 | D:3      | Noticed Ijyb
  2084 | D:3      | Reached *** piety under Trog
  2130 | D:3      | Killed Ijyb
  2131 | D:3      | Reached XP level 6. HP: 42/48 MP: 6/6
  2306 | D:3      | Found a faded altar of an unknown god.
  2663 | D:4      | Reached skill level 5 in Maces & Flails
  2777 | D:4      | Found a staircase to the Ecumenical Temple.
  2952 | D:4      | Noticed an ogre
  2962 | D:4      | HP: 2/48 [ogre/+0 giant spiked club (16)]
  2963 | D:4      | Killed an ogre
  2964 | D:4      | Reached XP level 7. HP: 3/54 MP: 7/7
  3064 | D:4      | Noticed Menkaure
  3076 | D:4      | Killed Menkaure
  3406 | Temple   | Entered the Ecumenical Temple
  3462 | D:5      | Entered Level 5 of the Dungeon
  3462 | D:5      | Noticed Edmund
  3487 | D:5      | Killed Edmund
  3488 | D:5      | Reached skill level 6 in Maces & Flails
  3603 | D:5      | Noticed Prince Ribbit
  3610 | D:5      | Reached skill level 5 in Armour
  3664 | D:5      | Noticed a water moccasin
  3671 | D:5      | Slain by an ufetubus

Illustrated notes

Levels and vault maps discovered:
D:1:      dpeg_arrival_circle_labyrinth_c, layout_basic
D:2:      layout_basic, serial_shops, nicolae_shop_waterfront, dk_vineyard_3,
          minivault_14
D:3:      layout_loops_ring, mainiacjoe_overflow_chevrons,
          chequers_ecumenical_altar_grove, grunt_decor_junction, minmay_cut_off,
          uniq_ijyb, uniq_robin
D:4:      layout_cave_pods, minmay_temple_entry_butterflies, chequers_garden,
          glass_columns_b, minmay_increasing_density, uniq_menkaure
D:5:      layout_cave_pools, minmay_bent, uniq_prince_ribbit1, uniq_edmund
Temple:   nicolae_temple_no_exploring_needed

Skill      XL: |  1  2  3  4  5  6  7 |
---------------+----------------------+-----
Maces & Flails | 4 5 6 |  6.1
Armour         | 3 4 5 |  5.0
Fighting       | 4 |  4.3
Dodging        | |  2.7
Evocations     | |  0.7

Action                     |  1- 3 |  4- 6 |  7- 9 || total
---------------------------+-------+-------+-------++-------
  Melee: Mace              |    93 |    10 |    19 ||   122
         Punch             |     1 |     5 |       ||     6
         Whip              |       |   232 |    42 ||   274
Ability: Evoke Invisibilit |       |     1 |       ||     1
  Evoke: Wand              |       |     2 |       ||     2
    Use: Potion            |       |     3 |     1 ||     4
         Scroll            |       |     4 |    10 ||    14
 Armour: Animal skin       |     2 |       |       ||     2
         Chain mail        |    67 |   173 |    31 ||   271
         Robe              |     1 |       |       ||     1
  Dodge: Dodged            |    57 |   105 |    43 ||   205

Table legend: (Time is in decaauts)
 A = Elapsed time spent in this place.
 B = Non-inter-level travel time spent in this place.
 C = Inter-level travel time spent in this place.
 D = Time resting spent in this place.
 E = Time spent auto-exploring this place.
 F = Levels seen in this place.
 G = Mean time per level.
                   A        B        C        D        E       F      G
               +--------+--------+--------+--------+--------+-----+--------+
         Total |   3656 |   3656 |      0 |      0 |      0 |   6 |  609.3 |
       Dungeon |   3610 |   3610 |      0 |      0 |      0 |   5 |  722.0 |
        Temple |     45 |     45 |      0 |      0 |      0 |   1 |   45.0 |
               +--------+--------+--------+--------+--------+-----+--------+

Top non-repeatable levels by time:
     D:3: 992 daAuts
     D:2: 992 daAuts
     D:4: 753 daAuts
     D:1: 667 daAuts
     D:5: 204 daAuts
  Temple: 45 daAuts
